 Dungeon Crawl Stone Soup version 0.26.0-18-gc5c842f807 (webtiles) character file.

Game seed: 1984544888143033123

12154 112233 the Spear-Bearer (level 11, -16/180 HPs)
             Began as an Octopode Fighter on Jan 22, 2021.
             Was an Initiate of Gozag.
             Killed from afar by a ynoxinul (21 damage)
             ... with an iron shot
             ... summoned by Frances
             ... on level 12 of the Dungeon.
             The game lasted 00:14:00 (12390 turns).

112233 the Spear-Bearer (Octopode Fighter)         Turns: 12390, Time: 00:14:01

Health: -16/180    AC: 25    Str: 18    XL:     11   Next: 88%
Magic:  6/11       EV:  2    Int: 15    God:    Gozag
Gold:   1006       SH: 11    Dex: 14    Spells: 10/10 levels left

rFire    . . .     SeeInvis .   E - +8 trident of Past Mistakes {venom, Str+2 Int+4}
rCold    + . .     Faith    .   b - +0 kite shield
rNeg     + + +     Spirit   .   (helmet currently unavailable)
rPois    +         Reflect  .   m - amulet of regeneration
rElec    .         Harm     .   o - ring of protection from cold (curse)
rCorr    .         Rampage  .   (no ring)
Will     .....     NoTele   +   (no ring)
Stlth    ..........             (no ring)
HPRegen  0.80/turn              (no ring)
MPRegen  0.12/turn              (no ring)
                                (no ring)
                                (no ring)

@: berserking, tree-form, gold aura, very quick
A: almost no armour, stealthy swim, (amphibious), 8 rings, (constrict 8)
a: Renounce Religion, Potion Petition, Call Merchant, Bribe Branch


You were on level 12 of the Dungeon.
You worshipped Gozag.
Gozag was most pleased with you.
You were a tree.
You visited 2 branches of the dungeon, and saw 13 of its levels.

You collected 1814 gold pieces.
You spent 162 gold pieces at shops.
You paid 646 gold pieces to Gozag.

Inventory:

Hand Weapons
 a - a +0 trident
 E - the +8 trident of Past Mistakes (weapon) {venom, Str+2 Int+4}
   (You found it on level 7 of the Dungeon)

   It poisons the flesh of those it strikes.
   It affects your strength (+2).
   It affects your intelligence (+4).
Missiles
 r - 35 poisoned darts (quivered)
 J - a throwing net {!f}
 L - 8 curare-tipped darts
Armour
 b - a +0 kite shield (worn)
Jewellery
 m - an amulet of regeneration (around neck)
 o - a cursed ring of protection from cold (left branch)
 y - an uncursed ring of ice
 K - an uncursed ring of ice
Wands
 x - a wand of polymorph (5)
 A - a wand of paralysis (3)
 M - a wand of iceblast (1)
Scrolls
 e - 2 scrolls of fog {unknown}
 f - 3 scrolls of immolation
 g - 7 scrolls of remove curse {unknown}
 i - 2 scrolls of amnesia {unknown}
 k - a scroll of random uselessness {unknown}
 p - 3 scrolls of fear {unknown}
 s - 10 scrolls of identify {@r1}
 B - a scroll of summoning {unknown}
 C - 4 scrolls of teleportation {@r3}
 D - 2 scrolls of enchant weapon {unknown}
 F - a scroll of noise {unknown}
 H - a scroll of enchant armour {unknown}
Potions
 c - 2 potions of might
 d - 2 potions of berserk rage
 h - a potion of cancellation {unknown}
 j - 4 potions of flight {unknown}
 l - 2 potions of attraction {unknown}
 n - a potion of degeneration {unknown}
 q - 2 potions of magic {unknown}
 u - 8 potions of curing {@q1}
 v - 3 potions of invisibility {unknown}
 w - a potion of resistance {unknown}
 z - 2 potions of lignification
 G - a potion of ambrosia {unknown}
 I - 3 potions of brilliance {unknown}


   Skills:
 + Level 9.0 Fighting
 * Level 11.8 Polearms
 + Level 9.0 Dodging
 + Level 8.9 Shields


You had 10 spell levels left.
You didn't know any spells.
Your spell library contained the following spells:

 Spells                   Type           Power        Failure   Level
 Magic Dart               Conj           0%           50%         1
 Blink                    Tloc           N/A          65%         2
 Call Imp                 Summ           0%           65%         2
 Slow                     Hex            0%           65%         2
 Confusing Touch          Hex            0%           86%         3
 Conjure Flame            Conj/Fire      0%           86%         3
 Gell's Gravitas          Tloc           0%           86%         3
 Mephitic Cloud           Conj/Pois/Air  0%           86%         3
 Petrify                  Tmut/Erth      0%           99%         4
 Metabolic Englaciation   Hex/Ice        0%           100%        5
 Yara's Violent Unravell  Hex/Tmut       0%           100%        5


Dungeon Overview and Level Annotations

Branches:
Dungeon (12/15)            Temple (1/1) D:7            Lair (0/6) D:9
    Orc (0/2) D:11

Altars:
Dithmenos
Elyvilon
Gozag
Hepliaklqana
Qazlal

Shops:
D:8 }*:??

Annotations:
D:5 1 runed translucent door, iamserjio's ghost, novice GnVM
D:6 1 runed translucent door, Crazy Yiuf; Dowan
D:7 3 runed translucent doors, Alannah's ghost, novice GrHu
D:8 2 transporters, exclusion: 3 oklob plants, Hatywr's ghost, novice HOFE
D:12 Frances


Innate Abilities, Weirdness & Mutations

You cannot wear most types of armour.
You are very stealthy in the water. (Stealth+)
((You are amphibious.))
You can wear up to eight rings at the same time.
((You can use your tentacles to constrict eight enemies at once.))
((Your skin changes colour to match your surroundings (Stealth+).))
((Your rubbery body absorbs attacks. (AC +1, EV +1)))


Message History

* * * LOW HITPOINT WARNING * * *
You block the ynoxinul's attack.
The orange demon stings you but does no damage.
You block the hellwing's attack. The hellwing hits you.
* * * LOW HITPOINT WARNING * * *
Reach: E) +8 trident of Past Mistakes {venom, Str+2 Int+4}
Aim: Frances, wielding a +0 glaive and wearing a +0 leather armour (moderately wounded, fast, extremely poisoned)
Okay, then.
You puncture the hellwing!
Unknown command.
You completely miss something. Something hits you but does no damage.
Something completely misses you.
Frances hits you from afar with a +0 glaive!
* * * LOW HITPOINT WARNING * * *
The iguana bites you.
* * * LOW HITPOINT WARNING * * *
The ynoxinul gestures at you. The iron shot hits you!!
You die...
Your body crumbles into a pile of gold.

#.# #o.# .. ....#
.. ....# . ....
#. #o #..# #..#@#
#..####..
#...53###.......$
#..oo{♣4....#
$.....4l###<..#
##..... #...#
..?#... #......
##..... #........
##.... ....yyy..
###.. ######y##
##. .# #


You could see Frances (fast, extremely poisoned), an orange demon (summoned), a
hellwing (summoned), a ynoxinul (summoned), an orc warrior, an iguana (very
poisoned), an orc priest, an orc wizard (fast) and an ufetubus (summoned).

Vanquished Creatures
  Fannar (D:10)
  A hydra (D:11)
  A two-headed ogre (D:10)
  Sonja (D:10)
  An unseen horror (D:12)
  Pikel (D:8)
  A cyclops (D:10)
  2 trolls
  A centaur simulacrum (D:11)
  5 yaks
  A fire elemental (D:10)
  4 vampire mosquitoes (D:12)
  Eustachio (D:5)
  3 wargs (D:9)
  Duvessa (D:6)
  2 sky beasts
  4 ice beasts
  8 orc warriors
  4 ogres
  2 phantoms
  3 centaurs
  2 lemures (D:8)
  2 big kobolds
  2 wyvern zombies
  5 bullfrogs
  A gnoll sergeant (D:10)
  A wyvern skeleton (D:10)
  4 scorpions
  12 wights
  4 killer bees (D:8)
  2 howler monkeys
  2 centaur zombies
  9 hounds
  2 jellies
  A quasit (D:10)
  A bullfrog skeleton (D:10)
  A centaur skeleton (D:10)
  7 orc priests
  5 orc wizards
  7 iguanas
  10 worker ants
  3 hound skeletons
  2 howler monkey zombies
  5 gnolls
  21 adders
  2 howler monkey skeletons
  2 shadow imps (D:7)
  3 white imps
  5 ufetubi
  An ooze (D:1)
  3 adder skeletons
  2 worms
  A dart slug (D:4)
  5 leopard geckos
  28 orcs
  8 bats
  7 giant cockroaches
  10 goblins
  6 hobgoblins
  19 jackals
  14 kobolds
  3 quokkas
  2 ball pythons
  A frilled lizard (D:1)
  A leopard gecko zombie (D:6)
  A quokka zombie (D:7)
  9 rats
292 creatures vanquished.

Vanquished Creatures (others)
  A plant (D:9)
  A withered plant (D:5)
2 creatures vanquished.

Grand Total: 294 creatures vanquished

Notes
Turn   | Place    | Note
-------+----------+-------------------------------------------
     0 | D:1      | 112233 the Octopode Fighter began the quest for the Orb.
     0 | D:1      | Reached XP level 1. HP: 16/16 MP: 1/1
    82 | D:1      | Reached XP level 2. HP: 12/21 MP: 2/2
   340 | D:2      | Reached XP level 3. HP: 21/26 MP: 3/3
   664 | D:2      | Reached skill level 3 in Polearms
   664 | D:2      | Reached XP level 4. HP: 17/31 MP: 4/4
  1081 | D:2      | Noticed an ogre
  1089 | D:2      | Killed an ogre
  1090 | D:2      | Reached XP level 5. HP: 3/37 MP: 5/5
  1882 | D:4      | Noticed an ogre
  1889 | D:4      | Killed an ogre
  1890 | D:4      | Reached skill level 4 in Polearms
  1890 | D:4      | Reached XP level 6. HP: 35/43 MP: 6/6
  2051 | D:5      | Entered Level 5 of the Dungeon
  2134 | D:5      | Found a hazy altar of Hepliaklqana.
  2224 | D:5      | Noticed Eustachio
  2238 | D:5      | Killed Eustachio
  2239 | D:5      | Reached XP level 7. HP: 31/48 MP: 7/7
  2399 | D:4      | Reached skill level 5 in Polearms
  2796 | D:6      | Noticed Dowan
  2797 | D:6      | Noticed Duvessa
  3576 | D:6      | Found a shadowy altar of Dithmenos.
  3653 | D:7      | Reached skill level 6 in Polearms
  3653 | D:7      | Reached XP level 8. HP: 52/54 MP: 8/8
  3792 | D:7      | Reached skill level 5 in Fighting
  3792 | D:7      | Reached skill level 5 in Dodging
  3792 | D:7      | Reached skill level 5 in Shields
  3835 | D:5      | Found a runed translucent door.
  3835 | D:5      | Noticed iamserjio's ghost (novice GnVM)
  6448 | D:4      | Reached skill level 7 in Polearms
  6626 | D:6      | Killed Duvessa
  6632 | D:6      | Reached XP level 9. HP: 54/62 MP: 9/9
  7086 | D:6      | Found a runed translucent door.
  7087 | D:6      | Noticed Crazy Yiuf
  7674 | D:7      | Found a staircase to the Ecumenical Temple.
  7707 | D:7      | Reached skill level 8 in Polearms
  7838 | Temple   | Entered the Ecumenical Temple
  7845 | Temple   | Became a worshipper of Gozag Ym Sagoz the Greedy
  7866 | D:7      | Noticed Alannah's ghost (novice GrHu)
  7868 | D:7      | Found a runed translucent gate.
  7868 | D:7      | Found a runed translucent gate.
  7868 | D:7      | Found a runed translucent gate.
  8106 | D:7      | Got a warped trident
  8107 | D:7      | Identified the +8 trident of Past Mistakes {venom, Str+2
                  | Int+4} (You found it on level 7 of the Dungeon)
  8513 | D:8      | Noticed an oklob plant
  8513 | D:8      | Noticed an oklob plant
  8513 | D:8      | Noticed an oklob plant
  8571 | D:8      | Found a transporter.
  8577 | D:8      | Noticed Hatywr's ghost (novice HOFE)
  8674 | D:8      | Found Olur's Magic Scroll Shop.
  8789 | D:8      | Found a transporter.
  8958 | D:8      | Found Fir Lani's General Store.
  8980 | D:8      | Found Veutsuse's Magic Scroll Shop.
  8984 | D:8      | Bought a scroll of immolation for 38 gold pieces
  8984 | D:8      | Bought a potion of lignification for 33 gold pieces
  8996 | D:8      | Bought a scroll of teleportation for 39 gold pieces
  8996 | D:8      | Bought a scroll of identify for 26 gold pieces
  8996 | D:8      | Bought a scroll of identify for 26 gold pieces
  9051 | D:8      | Found Heiheymp's Book Shop.
  9063 | D:8      | Found Xodey's Gadget Shoppe.
  9074 | D:8      | Noticed Pikel
  9118 | D:8      | Killed Pikel
  9119 | D:8      | Reached skill level 9 in Polearms
  9119 | D:8      | Reached XP level 10. HP: 68/71 MP: 10/10
  9358 | D:9      | Found a staircase to the Lair.
  9659 | D:9      | Reached skill level 10 in Polearms
 10128 | D:10     | Entered Level 10 of the Dungeon
 10282 | D:10     | Noticed a two-headed ogre
 10295 | D:10     | Killed a two-headed ogre
 10525 | D:10     | Reached XP level 11. HP: 77/77 MP: 11/11
 11313 | D:10     | Noticed Sonja
 11313 | D:10     | Noticed Fannar
 11339 | D:10     | Killed Sonja
 11340 | D:10     | Reached skill level 11 in Polearms
 11350 | D:10     | Killed Fannar
 11485 | D:11     | Found a staircase to the Orcish Mines.
 11612 | D:11     | Noticed a seven-headed hydra
 11627 | D:11     | Killed a seven-headed hydra
 11631 | D:11     | Noticed a cyan ugly thing
 11957 | D:11     | Noticed a cyclops
 11957 | D:11     | Noticed a deep elf mage
 12294 | D:10     | Killed a cyclops
 12315 | D:11     | Noticed a wizard
 12315 | D:11     | Noticed a wizard
 12358 | D:12     | Noticed Frances
 12384 | D:12     | Killed an unseen horror
 12390 | D:12     | HP: 6/180 [Frances/+0 glaive (10)]
 12390 | D:12     | Killed from afar by a ynoxinul

Illustrated notes

Levels and vault maps discovered:
D:1:      minmay_arrival_jagged, layout_rooms, item_on_display_a
D:2:      layout_basic
D:3:      layout_loops_ring
D:4:      layout_loops_cross
D:5:      layout_rooms, gammafunk_ghost_grave, basic_altar, uniq_eustachio
D:6:      layout_loops_cross, old_standard_altar, uniq_duvessa,
          uniq_crazy_yiuf_cottage
D:7:      layout_basic, minmay_temple_entry_mist, ebering_ghost_rock_garden
D:8:      layout_cave_pools, gammafunk_ghost_stat_death, special_room
          [special_room_orc], serial_column_ruins, column_ruins_hut,
          column_ruins_columns_straight, column_ruins_corridor_straight,
          column_ruins_grid_1, column_ruins_open_tiny, column_ruins_grid_1,
          serial_shops, nicolae_shop_stone,
          nicolae_shop_competitors_out_of_business, shop, kennysheep_mini,
          nicolae_shop_stone, disabler_island, uniq_pikel
D:9:      layout_roguey, erik_lair_orcish_takeover
D:10:     minmay_polygon_palace, layout_irregular_city, minmay_door_square,
          nicolae_zen_rock_garden, uniq_fannar, uniq_sonja
D:11:     cheibrodos_lost_city_excavation, layout_irregular_city, david_orc_3,
          minmay_microvault, uniq_maurice
D:12:     layout_loops_ring, gauntlet_entry_generic, kennysheep_island_fort,
          uniq_frances
Temple:   regret_index_temple_sigil_plot

Skill      XL: |  1  2  3  4  5  6  7  8  9 10 11 |
---------------+----------------------------------+-----
Polearms       | 3 4 6 7 9 10 11 | 11.8
Dodging        | 4 5 7 9 |  9.0
Fighting       | 4 5 7 9 |  9.0
Shields        | 4 5 7 8 |  8.9

Action                   |  1- 3 |  4- 6 |  7- 9 | 10-12 || total
-------------------------+-------+-------+-------+-------++-------
Melee: Trident           |    63 |    72 |   438 |   338 ||   911
       Constrict         |    10 |    14 |    72 |    45 ||   141
       Tentacles         |     4 |    11 |    70 |    46 ||   131
Invok: Potion Petition   |       |       |       |     1 ||     1
Evoke: Wand              |       |       |     3 |    13 ||    16
  Use: Potion            |     1 |     1 |     4 |     4 ||    10
 Stab: Sleeping          |     3 |     2 |    19 |     9 ||    33
       Distracted        |     1 |       |       |     2 ||     3
       Paralysed         |       |       |     3 |       ||     3
Armor: Skin              |     6 |     1 |     6 |    69 ||    82
Dodge: Dodged            |    32 |    23 |   176 |    93 ||   324
Block: Kite shield       |    24 |    27 |   137 |   132 ||   320
